 Dungeon Crawl Stone Soup version 0.20.1-1-g8b1a95d (webtiles) character file.

25790 TheGuigne the Geomancer (level 13, 77/77 HPs)
             Began as a Gargoyle Earth Elementalist on Aug 19, 2017.
             Was a Priest of Ashenzari.
             Quit the game on level 4 of the Lair of Beasts on Aug 20, 2017.
             The game lasted 01:25:25 (18158 turns).

TheGuigne the Geomancer (GrEE)                     Turns: 18158, Time: 01:25:26

Health: 77/77      AC: 18    Str: 13    XL:     13   Next: 21%
Magic:  29/29      EV: 15    Int: 20    God:    Ashenzari [***...]
Gold:   745        SH:  0    Dex: 12    Spells: 25/37 levels left

rFire    . . .     SeeInvis +   a - +3 rapier "Wingais" {freeze, rC+ Dex+2}
rCold    + + .     Gourm    .   (no shield)
rNeg     + + .     Faith    .   B - +2 robe {rN+}
rPois    ∞         Spirit   .   D - +0 helmet
rElec    +         Reflect  .   C - +1 cloak (curse)
rCorr    .         Harm     .   H - +1 pair of gloves (curse)
MR       +....                  (no boots)
Stlth    ++........             (no amulet)
Regen    0.3/turn               u - ring of protection from cold (curse)
MPRegen  0.3/turn               F - ring of protection from magic (curse)

@: no status effects
A: negative energy resistance 1, electricity resistance, unbreathing,
petrification resistance, rot immunity, AC +9
a: Curse Item, Scrying, Renounce Religion


You were on level 4 of the Lair of Beasts.
You worshipped Ashenzari.
Ashenzari was most pleased with you.
You were not hungry.

You visited 3 branches of the dungeon, and saw 15 of its levels.
You also visited: Ossuary.

You collected 872 gold pieces.
You spent 127 gold pieces at shops.

Inventory:

Hand Weapons
 a - the +3 rapier "Wingais" (weapon) {freeze, rC+ Dex+2}
   (You found it on level 10 of the Dungeon)

   It has been specially enchanted to freeze those struck by it, causing extra
   injury to most foes and up to half again as much damage against particularly
   susceptible opponents.
   It can also slow down cold-blooded creatures.
   It affects your dexterity (+2).
   It protects you from cold.
 b - a +0 hunting sling
Missiles
 o - 52 stones (quivered)
 K - 3 sling bullets
Armour
 B - a +2 robe of positive energy (worn)
 C - a cursed +1 cloak (worn)
 D - a +0 helmet (worn)
 H - a cursed +1 pair of gloves (worn)
 W - a +0 troll leather armour
Jewellery
 u - a cursed ring of protection from cold (left hand)
 F - a cursed ring of protection from magic (right hand)
 G - an uncursed ring of ice
 T - an uncursed ring of flight
Wands
 q - a wand of iceblast (2/15)
 I - a wand of digging (10/24)
 M - a wand of lightning (5/15)
 O - a wand of digging (16/24)
 U - a wand of confusion (22/48)
 X - a wand of confusion (18/48)
 Y - a wand of acid (7/15)
Scrolls
 e - 3 scrolls of amnesia
 f - 3 scrolls of fog {unknown}
 j - 5 scrolls of fear {unknown}
 l - 3 scrolls of magic mapping
 n - a scroll of enchant armour
 t - 2 scrolls of blinking
 w - 2 scrolls of identify
 y - 4 scrolls of teleportation
 z - a scroll of acquirement {unknown}
 E - a scroll of vulnerability {unknown}
 Q - a scroll of remove curse
Potions
 c - 4 potions of invisibility {unknown}
 g - 2 potions of berserk rage {unknown}
 h - a potion of resistance {unknown}
 i - 8 potions of curing
 k - a potion of cancellation {unknown}
 m - 3 potions of might
 r - 5 potions of heal wounds
 s - 3 potions of flight
 v - 2 potions of brilliance
 x - 2 potions of mutation
 A - a potion of haste {unknown}
 N - a potion of ambrosia {unknown}
 P - a potion of magic {unknown}
 S - a potion of lignification {unknown}
Books
 J - Sif Muna's Guide on Orientation
   (You found it on level 4 of the Lair of Beasts)

   Spells                             Type                      Level
   a - Apportation                    Translocation                1
   b - Passage of Golubria            Translocation                4
   c - Summon Forest                  Summoning/Translocation      5
   d - Malign Gateway                 Summoning/Translocation      7
Comestibles
 d - 9 bread rations
 p - 9 meat rations
 L - 5 royal jellies
 R - 6 chunks of flesh


   Skills:
 * Level 7.6 Fighting
 - Level 0.3 Short Blades
 - Level 0.3 Slings
 * Level 6.2 Dodging
 - Level 2.1 Stealth
 + Level 12.9 Spellcasting
 - Level 3.5(5.2) Conjurations
 - Level 2.1(3.6) Charms
 - Level 2.0(3.4) Summonings
   Level 0.7(1.6) Transmutations
 * Level 2.7(4.3) Air Magic
 - Level 13.7(15.3) Earth Magic
 - Level 3.0(4.6) Evocations


You had 25 spell levels left.
You knew the following spells:

 Your Spells              Type           Power        Failure   Level  Hunger
a - Sandblast             Erth           ######       0%          1    None
b - Stone Arrow           Conj/Erth      ######       1%          3    None
c - Lee's Rapid Deconstr  Erth           ######....   1%          5    ####...
d - Summon Butterflies    Summ           ####....     1%          1    None
e - Swiftness             Chrm/Air       ####....     1%          2    None


Dungeon Overview and Level Annotations

Branches:
Dungeon (10/15)            Temple (1/1) D:4            Lair (4/6) D:10
  Swamp (0/4) Lair:2       Spider (0/4) Lair:4          Orc (0/2) D:9

Altars:
Ashenzari
Cheibriados
Dithmenos
Elyvilon
Fedhas
Gozag
Hepliaklqana
Kikubaaqudgha
Makhleb
Nemelex Xobeh
Okawaru
Qazlal
Ru
Sif Muna
Trog
Uskayaw
Vehumet
Xom
Yredelemnul
Zin
The Shining One

Shops:
D:4 %   D:5 (   D:10 *


Innate Abilities, Weirdness & Mutations

You are resistant to torment.
Your stone body is resilient. (AC +9)
You are immune to poison.
You resist negative energy. (rN+)
You are resistant to electric shocks. (rElec)
You can survive without breathing.
You are immune to petrification.
You are immune to rotting.


Message History

The stone arrow hits the porcupine.
You kill the porcupine!
j - 5 scrolls labeled CABRUE YT DYIZ (gained 1)
You open the door.
There is an open door here.
There is an open door here.
There is an escape hatch in the ceiling here.
Done exploring.
Your movement speed is average.
Your attack speed is below average.
Your base attributes are Str 13, Int 20, Dex 10.
Okay, then.
Casting: Stone Arrow
Confirm with . or Enter, or press ? or * to list all spells.
Okay, then.
Okay, then.
Save game and exit?
Welcome back, TheGuigne the Gargoyle Earth Elementalist.
Ashenzari says: Partake of my vision.
Partake of my curse.
Press ? for a list of commands and other information.
Are you sure you want to abandon this character and quit the game? (Confirm with "yes".)

### ##.#### ###### ######
#.....# #P##.## #..... #.....#
#@....## #.....
##....#########.....######P....
#....P..#.#.##....##.#.#.P....
#............#....+......'....
#....##..#.#.+.....#..#.##....
##......####.#......#######....
#.#...### ####....## #....
##...## #[....# ##<## #....#
##....### #..#


There were no monsters in sight!

Vanquished Creatures
  Josephine (Lair:4)
  3 hydras
  A two-headed ogre (D:9)
  5 death yaks (Lair:3)
  3 black mambas
  The ghost of Erac the Arsonist, a novice DEFE (D:5)
  4 spiny frogs
  2 jumping spiders (Lair:4)
  A polar bear (Lair:4)
  Grinder (D:4)
  A troll (D:9)
  The ghost of bosm the Slasher, an amateur DsGl (D:4)
  4 hippogriffs
  Sigmund (D:3)
  4 wraiths (Lair:4)
  2 basilisks
  10 redbacks (Lair:4)
  18 yaks
  3 wyverns
  3 hogs (D:7)
  A human (D:7)
  5 swamp worms (Lair:2)
  6 water moccasins
  Duvessa (D:6)
  8 porcupines
  An ice beast (D:7)
  6 orc warriors
  A black bear (D:10)
  A phantom (D:7)
  2 sky beasts (D:9)
  3 ogres
  5 centaurs
  12 wolves
  A crocodile (Lair:2)
  A big kobold (D:9)
  3 elf zombies (Ossuary)
  12 bullfrogs
  Dowan (D:6)
  9 scorpions
  8 killer bees
  3 wights
  2 electric eels
  8 howler monkeys
  7 centaur zombies
  3 human zombies (Ossuary)
  7 jellies
  2 quasits
  4 hounds
  3 orc priests
  Crazy Yiuf (D:5)
  3 bullfrog skeletons
  9 orc wizards
  2 iguanas
  4 worker ants
  3 mummies (Ossuary)
  3 gnolls (D:7)
  9 adders
  A shadow imp (D:8)
  An adder zombie (D:8)
  A worm (D:2)
  5 leopard geckos
  38 orcs
  6 giant cockroaches
  7 goblins
  9 hobgoblins
  8 jackals
  6 quokkas
  2 ball pythons
  2 bats (D:3)
  3 frilled lizards
  12 kobolds
  A leopard gecko skeleton (D:6)
  A quokka zombie (D:9)
  7 rats
339 creatures vanquished.

Vanquished Creatures (others)
  5 fungi
  2 plants (Lair:2)
7 creatures vanquished.

Grand Total: 346 creatures vanquished

Notes
Turn   | Place    | Note
-------+----------+-------------------------------------------
     0 | D:1      | TheGuigne the Gargoyle Earth Elementalist began the quest for the Orb.
     0 | D:1      | Reached XP level 1. HP: 10/10 MP: 3/3
   278 | D:1      | Reached skill level 4 in Earth Magic
   288 | D:1      | Reached XP level 2. HP: 15/15 MP: 1/5
   607 | D:2      | Reached XP level 3. HP: 15/19 MP: 0/6
   730 | D:2      | Learned a level 3 spell: Stone Arrow
  1379 | D:3      | Reached skill level 5 in Earth Magic
  1443 | D:3      | Reached XP level 4. HP: 24/24 MP: 4/8
  1749 | D:3      | Reached XP level 5. HP: 20/28 MP: 1/9
  2130 | D:3      | Noticed Sigmund
  2153 | D:3      | HP: 1/28 [something (11)]
  2521 | D:3      | Killed Sigmund
  2521 | D:3      | Reached XP level 6. HP: 23/33 MP: 6/12
  2740 | D:4      | Found a sand-covered staircase.
  2745 | Ossuary  | Entered an ossuary
  2818 | Ossuary  | Reached skill level 1 in Fighting
  2843 | Ossuary  | Reached skill level 5 in Spellcasting
  2843 | Ossuary  | Reached XP level 7. HP: 19/38 MP: 0/14
  3616 | D:4      | Found a staircase to the Ecumenical Temple.
  3633 | Temple   | Entered the Ecumenical Temple
  3828 | D:4      | Noticed bosm's ghost (amateur DsGl)
  4182 | D:4      | Reached XP level 8. HP: 44/44 MP: 15/17
  4382 | D:4      | Reached skill level 6 in Earth Magic
  4654 | D:4      | Found Odenyari's Food Boutique.
  4665 | D:4      | Noticed Grinder
  4684 | D:4      | Paralysed by Grinder for 4 turns
  4692 | D:4      | Killed Grinder
  4835 | D:4      | Killed bosm's ghost
  4835 | D:4      | Reached skill level 7 in Earth Magic
  5066 | D:5      | Entered Level 5 of the Dungeon
  5262 | D:5      | Noticed Erac's ghost (novice DEFE)
  5264 | D:5      | Killed Erac's ghost
  5264 | D:5      | Reached skill level 8 in Earth Magic
  5264 | D:5      | Reached XP level 9. HP: 34/51 MP: 10/20
  5327 | D:5      | Learned a level 5 spell: Lee's Rapid Deconstruction
  5340 | D:5      | Found a runed door.
  5454 | D:5      | Reached skill level 9 in Earth Magic
  5871 | D:5      | Found Ytuudog's Antique Weapon Shoppe.
  6011 | D:5      | Noticed Crazy Yiuf
  6012 | D:5      | Killed Crazy Yiuf
  6451 | D:6      | Found a sparkling altar of Nemelex Xobeh.
  6704 | D:6      | Reached skill level 10 in Earth Magic
  7425 | D:6      | Noticed Dowan
  7427 | D:6      | Killed Dowan
  7429 | D:6      | Noticed Duvessa
  7672 | D:6      | Found a burning altar of Makhleb.
  7679 | D:6      | Found a deep blue altar of Sif Muna.
  7684 | D:6      | Found a hazy altar of Hepliaklqana.
  7741 | D:6      | Killed Duvessa
  7997 | D:7      | Reached skill level 11 in Earth Magic
  8140 | D:7      | Identified the Collected Works on the Warped Escort
  8144 | D:7      | Learned a level 1 spell: Summon Butterflies
  8207 | D:7      | Reached XP level 10. HP: 56/56 MP: 15/22
  8296 | D:7      | Reached skill level 1 in Summonings
  9393 | D:8      | Found a shattered altar of Ashenzari.
  9395 | D:8      | Found a glowing silver altar of Zin.
  9401 | D:8      | Became a worshipper of Ashenzari the Shackled
 10559 | D:9      | Found a staircase to the Orcish Mines.
 10767 | D:9      | Reached skill level 12 in Earth Magic
 10771 | D:9      | Reached skill level 10 in Spellcasting
 10866 | D:9      | Reached XP level 11. HP: 62/62 MP: 12/25
 10999 | D:9      | Noticed a two-headed ogre
 11005 | D:9      | Killed a two-headed ogre
 11108 | D:9      | Found a deep blue altar of Sif Muna.
 11275 | D:10     | Entered Level 10 of the Dungeon
 11370 | D:10     | Got the rapier "Wingais" {freeze, rC+ Dex+2}
 11371 | D:10     | Identified the +3 rapier "Wingais" {freeze, rC+ Dex+2} (You found it on level 10 of the Dungeon)
 11495 | D:10     | Reached * piety under Ashenzari
 11499 | D:10     | Found Vied's General Store.
 11717 | D:10     | Bought a potion of heal wounds for 75 gold pieces
 11717 | D:10     | Bought a scroll of amnesia for 52 gold pieces
 11860 | D:10     | Found a staircase to the Lair.
 11865 | Lair:1   | Entered Level 1 of the Lair of Beasts
 11899 | Lair:1   | Noticed a seven-headed hydra
 11905 | Lair:1   | Killed a seven-headed hydra
 11905 | Lair:1   | Reached skill level 5 in Fighting
 13254 | Lair:2   | Learned a level 2 spell: Swiftness
 13333 | Lair:2   | Reached ** piety under Ashenzari
 13408 | Lair:1   | Reached skill level 13 in Earth Magic
 13801 | Lair:2   | Reached skill level 1 in Charms
 14130 | Lair:2   | Reached XP level 12. HP: 69/69 MP: 10/27
 14384 | Lair:2   | Found a staircase to the Swamp.
 14751 | Lair:3   | Noticed an eight-headed hydra
 14769 | Lair:3   | Killed an eight-headed hydra
 14769 | Lair:3   | Reached skill level 5 in Dodging
 15617 | Lair:3   | Noticed a death yak
 15618 | Lair:3   | Noticed a death yak
 15669 | Lair:3   | Killed a death yak
 15669 | Lair:3   | Reached skill level 1 in Air Magic
 15792 | Lair:3   | Noticed a death yak
 15837 | Lair:3   | Noticed a six-headed hydra
 15891 | Lair:3   | Killed a death yak
 16103 | Lair:3   | Noticed a death yak
 16104 | Lair:3   | Noticed a death yak
 16130 | Lair:3   | Killed a death yak
 16130 | Lair:3   | Reached skill level 1 in Evocations
 16240 | Lair:3   | Killed a six-headed hydra
 16463 | Lair:3   | Killed a death yak
 16572 | Lair:3   | Killed a death yak
 17096 | Lair:4   | Noticed Josephine
 17108 | Lair:4   | Killed Josephine
 17149 | Lair:4   | Reached XP level 13. HP: 44/76 MP: 11/29
 17297 | Lair:4   | Identified Sif Muna's Guide on Orientation
 17425 | Lair:4   | Found a hole to the Spider Nest.
 17812 | Lair:4   | Reached *** piety under Ashenzari
 18158 | Lair:4   | Quit the game

Skill      XL: |  1  2  3  4  5  6  7  8  9 10 11 12 13 |
---------------+----------------------------------------+-----
Earth Magic    | 4 5 8 11 12 13 | 13.7
Spellcasting   | 3 4 5 6 7 8 10 11 12 | 12.9
Conjurations   | 2 3 |  3.5
Fighting       | 1 2 3 4 5 7 |  7.6
Dodging        | 2 3 4 5 6 |  6.2
Summonings     | 2 |  2.0
Charms         | 1 2 |  2.1
Air Magic      | 2 |  2.7
Evocations     | 2 3 |  3.0
Short Blades   | |  0.3
Slings         | |  0.3
Stealth        | |  2.1
Transmutations | |  0.7

Action                   |  1- 3 |  4- 6 |  7- 9 | 10-12 | 13-15 || total
-------------------------+-------+-------+-------+-------+-------++-------
Melee: Hunting sling     |       |       |     1 |       |       ||     1
       Short sword       |       |       |    26 |     7 |       ||    33
       Rapier            |       |       |       |    48 |    43 ||    91
 Fire: Hunting sling     |    55 |    78 |   103 |   220 |     6 ||   462
 Cast: Sandblast         |    31 |    48 |    73 |   214 |    17 ||   383
       Stone Arrow       |       |     1 |    92 |   149 |    15 ||   257
       Lee's Rapid Decon |       |       |    13 |    36 |     4 ||    53
       Swiftness         |       |       |       |     1 |       ||     1
       Summon Butterflie |       |       |       |     1 |       ||     1
Invok: Curse Item        |       |       |       |     3 |     1 ||     4
  Use: Scroll            |       |     7 |     1 |    10 |       ||    18
  Eat: Chunk             |     2 |     4 |    12 |    25 |     4 ||    47
       Bread ration      |       |       |     2 |       |       ||     2
       Fruit             |       |       |       |     5 |       ||     5
       Royal jelly       |       |       |       |     3 |       ||     3
Armor: Robe              |     8 |    26 |    63 |    19 |    41 ||   157
       Troll leather arm |       |       |       |   104 |       ||   104
Dodge: Dodged            |    14 |    37 |    78 |   195 |    56 ||   380
